 Dungeon Crawl Stone Soup version 0.23-a0-164-g7711e57 (webtiles) character file.

48 HAL9000 the Sneak (level 3, -3/18 HPs)
             Began as a Vine Stalker Assassin on Sept 10, 2018.
             Slain by a gnoll
             ... wielding a cursed -1 spear
              (7 damage)
             ... on level 2 of the Dungeon.
             The game lasted 00:02:49 (1167 turns).

HAL9000 the Sneak (Vine Stalker Assassin)           Turns: 1167, Time: 00:02:49

Health: -3/18      AC:  3    Str: 14    XL:     3   Next: 72%
Magic:  0/4        EV: 11    Int: 11    God:
Gold:   58         SH:  0    Dex: 15    Spells: 2/2 levels left

rFire    . . .     SeeInvis .   a - +2 dagger
rCold    . . .     Gourm    .   (no shield)
rNeg     . . .     Faith    .   c - +0 robe
rPois    .         Spirit   +   (no helmet)
rElec    .         Reflect  .   d - +0 cloak
rCorr    .         Harm     .   (no gloves)
MR       .....                  (no boots)
Stlth    +++.......             (no amulet)
HPRegen  0.06/turn              (no ring)
MPRegen  0.09/turn              (no ring)

@: no status effects
A: fangs 2, magic shield, antimagic bite, no potion heal 3, rot immunity
a: no special abilities


You were on level 2 of the Dungeon.
You were not hungry.

You visited 1 branch of the dungeon, and saw 2 of its levels.

You collected 58 gold pieces.

Inventory:

Hand Weapons
 a - a +2 dagger (weapon)
 b - a +0 blowgun
Missiles
 e - 8 poisoned needles
 f - 6 curare-tipped needles
Armour
 c - a +0 robe (worn)
 d - a +0 cloak (worn)
Jewellery
 i - an uncursed ring of poison resistance {unknown}
 r - an uncursed ring of poison resistance {unknown}
Scrolls
 k - a scroll of teleportation {unknown}
 m - a scroll of fear {unknown}
 o - 3 scrolls of identify {unknown}
 p - a scroll of enchant weapon {unknown}
 u - a scroll of remove curse {unknown}
Potions
 h - 2 potions of heal wounds {unknown}
 j - a potion of flight {unknown}
 l - a potion of brilliance {unknown}
 n - a potion of resistance {unknown}
 s - a potion of ambrosia {unknown}
 v - a potion of haste {unknown}
Comestibles
 g - 4 rations


   Skills:
 - Level 1.7 Fighting
 + Level 3.6 Short Blades
 - Level 1.7 Throwing
 - Level 0.7 Dodging
 - Level 4.8 Stealth


You had 2 spell levels left.
You didn't know any spells.
Your spell library was empty.

Dungeon Overview and Level Annotations

Branches:
Dungeon (2/15)

Altars:
Trog
Xom


Innate Abilities, Weirdness & Mutations

You have extremely sharp teeth.
When hurt, damage is shared between your health and your magic reserves.
Your bite disrupts and absorbs the magic of your enemies.
Potions cannot restore your health.
You are immune to rotting.


Message History

e - 7 poisoned needles (gained 1)
e - 8 poisoned needles (gained 1)
v - a puce potion
Found an escape hatch in the floor.
A gnoll comes into view. It is wielding an enchanted spear.
A gnoll is nearby!
A gnoll comes into view.
The gnoll hits you from afar with an enchanted spear.
The gnoll hits you with an enchanted spear.
You closely miss the gnoll. Your bite misses the gnoll.
The gnoll barely misses you.
You hit the gnoll.
The gnoll is moderately wounded.
The gnoll hits you with an enchanted spear!
* * * LOW HITPOINT WARNING * * *
You closely miss the gnoll. You bite the gnoll. You drain its power.
You feel invigorated.
The gnoll is moderately wounded.
The gnoll hits you with an enchanted spear!
You die...

...........(. ##
#.##........ . #.
............ .. #.
#....†.†. ..g #.
#<....).. .... #.
#........ .....#.
##....... #..g###
##..>... #.@.#
####.......
#.#.#####..........
#..#.......##.......
...####.#.####.......
####.....#.##
#.......
##..#####..####......
#..######............
#.......##.###.<#..
#....#####.###.##..


You could see 2 gnolls.

Vanquished Creatures
  A gnoll (D:1)
  A worm (D:2)
  A leopard gecko (D:1)
  6 bats
  A giant cockroach (D:1)
  8 goblins
  4 hobgoblins (D:1)
  A kobold (D:1)
  A quokka (D:2)
  2 frilled lizards (D:1)
  9 rats
35 creatures vanquished.

Notes
Turn   | Place    | Note
-------+----------+-------------------------------------------
     0 | D:1      | HAL9000 the Vine Stalker Assassin began the quest for the
                  | Orb.
     0 | D:1      | Reached XP level 1. HP: 11/11 MP: 2/2
   140 | D:1      | Reached XP level 2. HP: 15/15 MP: 3/3
   689 | D:1      | Reached XP level 3. HP: 16/18 MP: 2/4
   917 | D:2      | Found a faded altar of an unknown god.
   958 | D:2      | Found a shimmering altar of Xom.
   961 | D:2      | Found a bloodstained altar of Trog.
  1167 | D:2      | Slain by a gnoll

Vault maps used:
D:1:      scummos_arrival_forest
D:2:      nicolae_overflow_crystal_walls, zin_angel, bloody_trog,
          nicolae_overflow_hidden_temple, chequers_ecumenical_altar_simple,
          first_ration, grunt_ministairs_2, uniq_robin, uniq_sigmund

Skill      XL: |  1  2 |
---------------+-------+-----
Short Blades   | 2 3 |  3.6
Fighting       | |  1.7
Throwing       | |  1.7
Dodging        | |  0.7
Stealth        | |  4.8

Action                   || total
-------------------------++-------
Melee: Dagger            ||    88
       Bite              ||    18
 Fire: Blowgun           ||     8
 Stab: Sleeping          ||     9
  Eat: Chunk             ||     1
Armor: Robe              ||    12
Dodge: Dodged            ||    41

Table legend:
 A = Non-vault XP
 B = Vault XP
 C = Vault XP percentage of total XP
 D = Non-vault monster count
 E = Vault monster count
 F = Vault count percentage of total count
                 A         B        C        D         E       F
            +---------+---------+-------+---------+---------+-------
      Total |      66 |       3 |   4.3 |      33 |       2 |   5.7
            +---------+---------+-------+---------+---------+-------
        D:1 |      55 |       0 |   0.0 |      28 |       0 |   0.0
        D:2 |      11 |       3 |  21.4 |       5 |       2 |  28.6
            +---------+---------+-------+---------+---------+-------
